 Dungeon Crawl Stone Soup version 0.28.0-43-g3370ac3207 (webtiles) character file.

Game seed: 17311853159397914118

4308 protoss039 the Thaumaturge (level 10, 0/56 HPs)
             Began as a Deep Elf Earth Elementalist on Mar 7, 2022.
             Was a Priest of Sif Muna.
             Slain by a water moccasin (5 damage)
             ... on level 8 of the Dungeon.
             The game lasted 00:23:56 (13473 turns).

protoss039 the Thaumaturge (DEEE)                  Turns: 13473, Time: 00:23:56

Health: 0/56       AC:  3    Str:  5    XL:     10   Next: 11%
Magic:  7/29       EV: 13    Int: 25    God:    Sif Muna [***...]
Gold:   1519       SH:  0    Dex: 21    Spells: 22/35 levels left

rFire   . . .      SeeInvis .   a - +3 quarterstaff (chaos)
rCold   . . .      Faith    .   (shield currently unavailable)
rNeg    . . .      Spirit   .   b - +0 robe
rPois   .          Reflect  .   f - +0 hat {Will+}
rElec   .          Harm     .   g - +0 cloak
rCorr   .          Rampage  .   (no gloves)
Will    ++...                   (no boots)
Stlth   +++.......              (no amulet)
HPRegen 0.18/turn               l - +6 ring of dexterity
MPRegen 0.21/turn               z - ring of flight

@: flying
A: no striking features
a: Renounce Religion, Channel Magic, Forget Spell


You were on level 8 of the Dungeon.
You worshipped Sif Muna.
Sif Muna was most pleased with you.
You visited 1 branch of the dungeon, and saw 8 of its levels.
You also visited: Sewer, Ossuary and Bailey.

You collected 1519 gold pieces.

Inventory:

Hand Weapons
 a - a +3 quarterstaff of chaos (weapon)
Missiles
 c - 217 stones
Armour
 b - a +0 robe (worn)
 f - a +0 hat of willpower (worn)
 g - a +0 cloak (worn)
Magical Staves
 y - a staff of conjuration
Jewellery
 l - a +6 ring of dexterity (left hand)
 z - a ring of flight (right hand)
Wands
 n - a wand of polymorph (8)
 p - a wand of flame (56)
 r - a wand of mindburst (11)
 s - a wand of iceblast (14)
Scrolls
 d - a scroll of identify
 e - 2 scrolls of brand weapon
 k - 5 scrolls of teleportation
 m - a scroll of blinking
 o - a scroll of immolation
 u - a scroll of amnesia {unknown}
 v - a scroll of fear {unknown}
 A - a scroll of enchant weapon {unknown}
Potions
 h - 6 potions of curing
 j - a potion of haste
 q - a potion of cancellation
 w - a potion of resistance
 x - 7 potions of flight


   Skills:
 - Level 4.0 Fighting
 - Level 1.1 Short Blades
 - Level 3.0 Dodging
 - Level 3.0 Stealth
 + Level 13.2 Spellcasting
 - Level 4.0 Conjurations
 + Level 1.1 Transmutations
 - Level 2.0 Air Magic
 - Level 8.0 Earth Magic
 - Level 2.0 Poison Magic
 * Level 4.2 Invocations


You had 22 spell levels left.
You knew the following spells:

 Your Spells              Type           Power      Damage    Failure   Level
a - Sandblast             Erth           100%       2d20      1%          1
b - Passwall              Tmut/Erth      32%        N/A       1%          2
c - Stone Arrow           Conj/Erth      92%        3d12      1%          3
d - Petrify               Tmut/Erth      39%        N/A       5%          4
e - Mephitic Cloud        Conj/Pois/Air  29%        N/A       3%          3

Your spell library contained the following spells:

 Spells                   Type           Power      Damage    Failure   Level
 Magic Dart               Conj           100%       1d8       1%          1
 Call Imp                 Summ           16%        N/A       5%          2


Dungeon Overview and Level Annotations

Branches:
Dungeon (8/15)             Temple (0/1) D:7           Sewer (visited)
Ossuary (visited)          Bailey (visited)
   Lair: D:8-11

Altars:
Hepliaklqana
Sif Muna
Vehumet

Annotations:
D:7 1 runed translucent door, PaladinM's ghost, novice TeFi


Message History

The stone arrow hits the wyvern!
The wyvern is heavily wounded.
You feel sick.
The water moccasin bites you but does no damage.
The wyvern misses you.
Unknown command.
Unknown command.
Casting: Stone Arrow (safe; 1% risk of failure)
Confirm with . or Enter, or press ? or * to list all spells.
Aiming: Stone Arrow (safe; 1% risk of failure)
Press: ? - help, Shift-Dir - straight line, f/p - basilisk
Aim: a basilisk (heavily wounded, 70% to hit)
The stone arrow hits the basilisk!
The basilisk is almost dead.
You feel sick. The water moccasin barely misses you. The wyvern bites you.
The basilisk bites you! The wyvern closely misses you.
The water moccasin misses you.
Unknown command.
Unknown command.
Casting: Stone Arrow (safe; 1% risk of failure)
Confirm with . or Enter, or press ? or * to list all spells.
Aiming: Stone Arrow (safe; 1% risk of failure)
Press: ? - help, Shift-Dir - straight line, f/p - basilisk
Aim: a basilisk (almost dead, 70% to hit)
The stone arrow hits the basilisk!!
You kill the basilisk!
Sif Muna accepts your kill.
You feel sick. The wyvern closely misses you. The water moccasin bites you!
* * * LOW HITPOINT WARNING * * *
Unknown command.
Unknown command.
You feel better. The wyvern bites you. The water moccasin barely misses you.
The wyvern bites you!
* * * LOW HITPOINT WARNING * * *
Unknown command.
Unknown command.
You feel better. The water moccasin barely misses you. The wyvern bites you!
* * * LOW HITPOINT WARNING * * *
The water moccasin bites you.
You die...

.....####.#.....##......
.......##...# #.#.......
#####.))..####.........
##....)##....##.........
#..######..#.†#.........
..## #.###†..........
.## #.# ##..$....... ##
#.# ##†........ ..#
#.@S...... ###
#..†l...!.. .
#........... ##
.............
##...P.P......
.........P.P..
#..............
..=.P..P......#


You could see a water moccasin and a wyvern.

Vanquished Creatures
  Grinder (D:5)
  2 wyverns (D:8)
  Sigmund (D:5)
  A basilisk (D:8)
  A steam dragon (D:7)
  An acid dragon (D:6)
  3 water moccasins (D:8)
  Duvessa (D:5)
  2 ice beasts
  9 orc warriors
  A black bear (D:8)
  2 necrophages
  An ogre (D:7)
  A wolf (D:8)
  A phantom (D:5)
  A water moccasin zombie (D:5)
  Dowan (D:5)
  5 centaur zombies
  3 hounds
  2 jellies
  Crazy Yiuf (D:2)
  A bullfrog skeleton (D:5)
  5 human zombies (Ossuary)
  3 iguanas
  A gnoll shaman (D:8)
  A merfolk siren (Sewer)
  An orc wizard (D:7)
  A merfolk avatar (Sewer)
  2 killer bee zombies (D:6)
  3 mummies (Ossuary)
  A howler monkey zombie (D:7)
  11 gnolls
  9 adders
  2 river rats (Sewer)
  A shadow imp (D:6)
  A white imp (D:6)
  3 ufetubi
  2 adder zombies (Ossuary)
  4 worms
  4 dart slugs
  19 orcs
  15 ball pythons
  7 bats
  9 endoplasms
  9 giant cockroaches
  16 goblins
  8 hobgoblins
  4 jackals
  17 kobolds
  9 quokkas
  4 frilled lizards
  A gnoll zombie (Ossuary)
  4 goblin zombies (Ossuary)
  3 hobgoblin zombies (Ossuary)
  3 jackal zombies (Ossuary)
  7 kobold zombies (Ossuary)
  3 orc zombies (Ossuary)
  A quokka zombie (Ossuary)
  27 rats
  3 rat zombies (Ossuary)
266 creatures vanquished.

Vanquished Creatures (others)
  3 fungi (D:8)
  10 plants
  A withered plant (D:1)
14 creatures vanquished.

Grand Total: 280 creatures vanquished

Notes
Turn   | Place    | Note
-------+----------+-------------------------------------------
     0 | D:1      | protoss039 the Deep Elf Earth Elementalist began the quest
                  | for the Orb.
     0 | D:1      | Reached XP level 1. HP: 10/10 MP: 6/6
   333 | D:1      | Reached XP level 2. HP: 6/15 MP: 6/8
  1383 | D:1      | Reached XP level 3. HP: 19/19 MP: 10/10
  1537 | D:1      | Found a faded altar of an unknown god.
  1866 | D:1      | Learned a level 2 spell: Passwall
  1870 | D:1      | Learned a level 3 spell: Stone Arrow
  2188 | D:2      | Found a runed translucent door.
  2189 | D:2      | Noticed Crazy Yiuf
  2472 | D:2      | Reached skill level 4 in Spellcasting
  3081 | D:2      | Reached XP level 4. HP: 19/24 MP: 7/12
  3426 | D:2      | Learned a level 4 spell: Petrify
  3591 | D:2      | Killed Crazy Yiuf
  3592 | D:2      | Reached skill level 1 in Short Blades
  4544 | D:3      | Reached XP level 5. HP: 28/28 MP: 11/14
  4894 | D:3      | Found a hazy altar of Hepliaklqana.
  5261 | D:3      | Learned a level 3 spell: Mephitic Cloud
  5336 | D:3      | Identified a scroll of acquirement
  5339 | D:3      | Acquired a +0 hat of willpower
  5480 | D:4      | Reached skill level 5 in Spellcasting
  5480 | D:4      | Reached skill level 1 in Conjurations
  5623 | D:4      | Noticed a necrophage
  5628 | D:4      | Killed a necrophage
  5629 | D:4      | Reached skill level 1 in Fighting
  5629 | D:4      | Reached skill level 1 in Air Magic
  5629 | D:4      | Reached skill level 1 in Poison Magic
  5629 | D:4      | Reached XP level 6. HP: 34/34 MP: 4/16
  6482 | D:5      | Entered Level 5 of the Dungeon
  6520 | D:5      | Reached skill level 5 in Earth Magic
  6622 | D:5      | Noticed Dowan
  6663 | D:5      | Found a sand-covered staircase.
  6668 | Ossuary  | Entered an ossuary
  6703 | Ossuary  | Reached skill level 6 in Spellcasting
  6792 | Ossuary  | Reached XP level 7. HP: 29/38 MP: 15/18
  8291 | D:5      | Noticed Sigmund
  8294 | D:5      | Killed Sigmund
  8295 | D:5      | Reached skill level 7 in Spellcasting
  8295 | D:5      | Reached XP level 8. HP: 45/45 MP: 13/20
  8490 | D:5      | Noticed Duvessa
  8497 | D:5      | Killed Duvessa
  8568 | D:5      | Killed Dowan
  8679 | D:5      | Noticed Grinder
  8685 | D:5      | Killed Grinder
  8686 | D:5      | Reached skill level 8 in Spellcasting
  8796 | D:5      | Found a shimmering blue altar of Sif Muna.
  8800 | D:5      | Became a worshipper of Sif Muna the Loreminder
  8811 | D:5      | Found a radiant altar of Vehumet.
  9053 | D:6      | Found a glowing drain.
  9064 | Sewer    | Entered a sewer
  9729 | Sewer    | Reached * piety under Sif Muna
 10667 | D:6      | Reached skill level 9 in Spellcasting
 10667 | D:6      | Reached XP level 9. HP: 25/51 MP: 0/24
 11273 | D:7      | Found a staircase to the Ecumenical Temple.
 11346 | D:7      | Reached ** piety under Sif Muna
 11347 | D:7      | Reached skill level 1 in Invocations
 11419 | D:7      | Found a flagged portal.
 11448 | Bailey   | Entered a bailey
 11782 | Bailey   | Reached skill level 10 in Spellcasting
 12152 | Bailey   | Identified the +4 plate armour of the Desert {rF+ Int-3
                  | SInv}
 12215 | Bailey   | Reached skill level 11 in Spellcasting
 12899 | D:7      | Found a runed translucent door.
 12906 | D:7      | Noticed PaladinM's ghost (novice TeFi)
 13209 | D:8      | Reached skill level 12 in Spellcasting
 13336 | D:8      | Reached *** piety under Sif Muna
 13342 | D:8      | Reached XP level 10. HP: 12/56 MP: 11/28
 13460 | D:8      | Reached skill level 13 in Spellcasting
 13473 | D:8      | Slain by a water moccasin

Illustrated notes

Levels and vault maps discovered:
D:1:      dpeg_arrival_rooms_c, layout_basic,
          shapermc_ecumenical_altar_flowoftime
D:2:      layout_loops_ring, uniq_crazy_yiuf_cottage
D:3:      layout_loops_corners, lemuel_round_altar, minmay_pentangle
D:4:      layout_basic, minmay_surrounded
D:5:      layout_cave_pools, amethyst_overflow_temple_binary, enter_ossuary_5,
          uniq_grinder, uniq_duvessa, uniq_sigmund
D:6:      layout_gridville, gup_sewer_entry_pipe
D:7:      layout_basic, minmay_temple_entry_arrows,
          ebering_ghost_reflecting_pool, lightli_bailey_entry_fortress
D:8:      layout_rooms, grunt_dithmenos_smoke_and_mirrors,
          mainiacjoe_overflow_big_doors, minmay_lair_entry_grove, serial_shops,
          shop, shop, uniq_harold

Skill      XL: |  1  2  3  4  5  6  7  8  9 10 |
---------------+-------------------------------+-----
Stealth        | 3 |  3.0
Dodging        | 3 |  3.0
Earth Magic    | 4 5 6 7 8 |  8.0
Spellcasting   | 4 5 6 7 9 12 13 | 13.2
Short Blades   | 1 |  1.1
Conjurations   | 1 2 3 4 |  4.0
Fighting       | 1 2 3 4 |  4.0
Air Magic      | 1 2 |  2.0
Poison Magic   | 1 2 |  2.0
Invocations    | 4 |  4.2
Transmutations | |  1.1

Action                   |  1- 3 |  4- 6 |  7- 9 | 10-12 || total
-------------------------+-------+-------+-------+-------++-------
Melee: Whip              |    49 |       |       |       ||    49
       Unarmed           |     2 |       |       |       ||     2
       Punch             |     2 |       |       |       ||     2
       Dagger            |    79 |     5 |       |       ||    84
       Quarterstaff      |       |    93 |   110 |       ||   203
 Cast: Sandblast         |    35 |    27 |    53 |       ||   115
       Stone Arrow       |       |    10 |   175 |    10 ||   195
       Passwall          |       |     2 |     1 |       ||     3
       Mephitic Cloud    |       |       |     6 |       ||     6
  Use: Scroll            |       |     7 |     6 |       ||    13
       Potion            |       |       |       |     3 ||     3
 Stab: Sleeping          |     7 |     5 |     2 |       ||    14
Armor: Robe              |    39 |    29 |    40 |     1 ||   109
Dodge: Dodged            |   131 |    97 |   154 |     7 ||   389
